Map: Abyssal Reef LE

Players

kenji - Winner!

  • Race: Zerg Zerg
  • League: Gold
  • Spawn Location: 5:00

Vibe

  • Race: Protoss Protoss
  • Spawn Location: 11:00

VOD

Have the link to the VOD?

Description

Time

  • Played on: Nov. 21, 2017, 10:43 a.m.
  • Length: 7:11
Show
View Real Time Build Order
Export as new Build Order

kenji Zerg - Winner!

Build Orders: Pool First 

Get SALT Encoding   

  12  0:02  Drone  
  13  0:14  Overlord  
  13  0:21  Drone  
  13  0:27  Extractor, Drone  
  15  0:38  Drone  
  16  0:49  Drone  
  17  0:52  Spawning Pool  
  17  0:54  Extractor, Drone  
  16  1:02  Drone  
  17  1:39  Hatchery  
  16  1:43  Drone x3  
  19  1:57  Drone  
  20  2:06  Metabolic Boost  
  20  2:08  Queen  
  20  2:15  Overlord  
  22  2:32  Baneling Nest  
  22  2:38  Drone, Roach Warren  
  22  2:39  Drone x2  
  24  2:50  Drone  
  24  3:00  Queen  
  24  3:01  Drone  
  27  3:07  Drone x2  
  29  3:14  Evolution Chamber  
  29  3:15  Drone x2  
  30  3:21  Drone x2  
  30  3:22  Drone  
  33  3:27  Drone  
  33  3:28  Drone  
  35  3:37  Overlord  
  35  3:41  Drone  
  35  3:46  Zerg Missile Weapons Level 1  
  36  3:52  Overlord x2  
  36  3:56  Drone x2  
  36  3:59  Roach x2  
  42  4:15  Spine Crawler  
  42  4:16  Drone  
  43  4:17  Drone x5  
  43  4:20  Extractor  
  43  4:23  Lair  
  46  4:28  Roach x2  
  50  4:38  Roach  
  50  4:39  Roach x3  
  58  4:50  Roach  
  60  4:58  Overlord  
  60  5:01  Overlord x2  
  60  5:15  Hatchery  
  59  5:22  Glial Reconstitution  
  59  5:27  Hydralisk Den  
  58  5:34  Extractor  
  57  5:38  Roach x3  
  63  5:44  Extractor  
  62  5:55  Overseer x2  
  62  5:57  Zergling x2  
  62  5:58  Zergling x10  
  62  5:59  Zergling x6  
  71  6:08  Drone x3  
  71  6:09  Drone  
  75  6:24  Hydralisk x2  
  79  6:28  Ravager  
  79  6:30  Zergling x6  
  83  6:42  Hydralisk x2  
  83  6:43  Hydralisk  
  83  6:44  Zergling x2  
  83  6:46  Overlord x2  
Show
View Real Time Build Order
Export as new Build Order

Vibe Protoss 

Build Orders:  

Get SALT Encoding   

  12  0:01  Probe  
  13  0:14  Probe  
  14  0:20  Pylon  
  14  0:26  Probe  
  15  0:41  Gateway  
  15  0:44  Probe (Chrono Boost)  
  16  0:55  Probe (Chrono Boost), Assimilator  
  17  0:58  Probe  
  18  1:10  Probe  
  18  1:33  Zealot (Chrono Boost)  
  20  1:40  Cybernetics Core  
  20  1:42  Probe  
  21  1:52  Assimilator  
  21  1:55  Probe  
  21  2:00  Pylon  
  22  2:07  Probe  
  23  2:19  Stalker (Chrono Boost)  
  25  2:32  Nexus  
  25  2:37  Probe  
  26  2:55  Adept  
  28  3:07  Probe, Warp Gate (Chrono Boost)  
  29  3:24  Pylon  
  29  3:34  Probe  
  30  3:47  Probe (Chrono Boost)  
  31  3:55  Gateway x2  
  31  3:56  Probe (Chrono Boost)  
  31  3:58  Gateway  
  33  4:07  Probe x2 (Chrono Boost)  
  34  4:11  Probe  
  34  4:13  Probe  
  36  4:23  Probe  
  37  4:31  Twilight Council  
  37  4:33  Robotics Facility  
  37  4:46  Probe  
  38  4:59  Probe  
  39  5:06  Assimilator  
  39  5:08  Assimilator  
  39  5:21  Charge  
  39  5:24  Immortal (Chrono Boost)  
  43  5:32  Zealot x2  
  43  5:33  Zealot x2  
  51  5:39  Pylon, Probe (Chrono Boost)  
  51  5:40  Probe (Chrono Boost)  
  51  5:41  Pylon  
  51  5:42  Pylon  
  53  5:57  Immortal (Chrono Boost)  
  53  6:01  Forge  
  57  6:05  Probe x2  
  59  6:17  Probe x2  
  60  6:29  Pylon  
  60  6:36  Immortal (Chrono Boost)  
  64  6:40  Zealot  
  64  6:41  Zealot  
  64  6:43  Zealot x2  
  72  6:47  Probe x2  
Tags
 
League
Gold
Matchup
PvZ
Opening
Pool First
Spawn Locations
Cross Positions
Add a new tag
Caveats
  • Supply blocks, unpowered buildings, or Contaminate may cause inaccurate times.
  • Supply counts are checked every 10 seconds.